 Dungeon Crawl Stone Soup version 0.28-a0-973-ga7f8b01127 (webtiles) character file.

Game seed: 17787288915566773238

5939 browni3141 the Fighter (level 10, 0/94 HPs)
             Began as a Demigod Fighter on Dec 1, 2021.
             Slain by a rust devil (7 damage)
             ... in a Gauntlet.
             The game lasted 00:23:57 (14101 turns).

browni3141 the Fighter (Demigod Fighter)           Turns: 14101, Time: 00:23:57

Health: 0/94       AC:  3    Str: 25    XL:     10   Next: 29%
Magic:  0/13       EV: 10    Int: 10    God:
Gold:   548        SH:  0    Dex: 17    Spells: 9/9 levels left

rFire   + . .      SeeInvis .   f - +7 dire flail (flame)
rCold   . . .      Faith    .   (shield currently unavailable)
rNeg    . . .      Spirit   +   w - +3 scale mail {rF+}
rPois   .          Reflect  .   s - +2 hat
rElec   .          Harm     .   P - +0 cloak {rCorr}
rCorr   +          Rampage  .   (no gloves)
Will    +....      NoTele   +   (no boots)
Stlth   ..........              H - amulet of guardian spirit
HPRegen 0.25/turn               (no ring)
MPRegen 0.13/turn               (no ring)

@: corroded
A: high mp 1, forlorn, divine attributes
a: no special abilities


You were in a Gauntlet.
You visited 2 branches of the dungeon, and saw 11 of its levels.
You also visited: Ossuary and Gauntlet.

You collected 548 gold pieces.

Inventory:

Hand Weapons
 a - a +0 long sword
 f - a +7 dire flail of flaming (weapon)
 u - a +0 morningstar
Missiles
 n - 310 stones
 D - 2 boomerangs of dispersal
 F - 66 poisoned darts (quivered)
 O - 5 curare-tipped darts
 T - 5 boomerangs
Armour
 b - a +0 scale mail
 c - a +0 buckler
 i - a +0 chain mail
 p - a +0 helmet
 s - a +2 hat (worn)
 w - a +3 scale mail of fire resistance (worn)
 J - a +2 buckler
 P - a +0 cloak of preservation (worn)
Jewellery
 r - a ring of protection from fire
 H - an amulet of guardian spirit (around neck)
 L - a ring of magical power
Wands
 m - a wand of mindburst (5)
 G - a wand of polymorph (18)
 N - a wand of flame (1)
Scrolls
 g - a scroll of brand weapon
 h - a scroll of teleportation
 j - a scroll of immolation
 t - 2 scrolls of amnesia
 v - 2 scrolls of magic mapping
 x - 2 scrolls of noise
 y - 2 scrolls of fear
 A - a scroll of enchant armour
 B - a scroll of fog
 C - a scroll of torment {unknown}
 I - a scroll of blinking
 S - a scroll of enchant weapon
Potions
 d - 3 potions of curing
 e - a potion of mutation
 k - a potion of cancellation {unknown}
 l - 6 potions of flight
 o - 2 potions of attraction
 q - a potion of magic
 z - 2 potions of degeneration
 E - 3 potions of brilliance {unknown}
 K - 2 potions of ambrosia {unknown}
 M - 2 potions of lignification {unknown}
 Q - 2 potions of heal wounds
 R - a potion of invisibility {unknown}


   Skills:
 * Level 10.7 Fighting
 - Level 1.7 Long Blades
 * Level 10.7 Armour
 - Level 2.6 Shields


You had 9 spell levels left.
You didn't know any spells.
Your spell library contained the following spells:

 Spells                   Type           Power      Damage    Failure   Level
 Apportation              Tloc           0%         N/A       58%         1
 Freeze                   Ice            0%         1d3       58%         1
 Dazzling Flash           Conj/Hex       0%         N/A       92%         3
 Frozen Ramparts          Ice            0%         1d2       92%         3
 Ignite Poison            Fire/Tmut/Pois 0%         N/A       92%         3
 Mephitic Cloud           Conj/Pois/Air  0%         N/A       92%         3
 Hailstorm                Conj/Ice       0%         3d3       100%        4
 Ice Form                 Ice/Tmut       0%         N/A       100%        4
 Summon Ice Beast         Ice/Summ       0%         N/A       100%        4
 Agony                    Necr           0%         N/A       100%        5
 Alistair's Intoxication  Tmut/Pois      0%         N/A       100%        5
 Freezing Cloud           Conj/Ice/Air   0%         6-21      100%        5
 Silence                  Hex/Air        0%         N/A       100%        5


Dungeon Overview and Level Annotations

Branches:
Dungeon (10/15)            Temple (0/1) D:6            Lair (1/6) D:9
Ossuary (visited)         Gauntlet (1/1)
    Orc: D:9-12

Shops:
D:7 (

Annotations:
Gauntlet 11 transporters, 21 runed translucent doors, exclusion: obsidian statue


Innate Abilities, Weirdness & Mutations

You have an increased reservoir of magic. (+10% MP)
You shall have no god before yourself.
Your divine heritage dramatically boosts your attributes as you level up.


Message History

The rust devil is almost dead.
The rust devil hits you. The rust devil corrodes you!
The iron imp completely misses you. The iron imp barely misses you. x3
The rust devil hits you. The rust devil corrodes you!
Unknown command.
You hit the rust devil but do no damage.
The rust devil is almost dead.
The iron imp barely misses you. The iron imp puffs mist at you.
The iron imp barely misses you.
The iron imp hits you but does no damage.
The rust devil hits you. The iron imp hits you.
You barely miss the rust devil.
The rust devil is almost dead.
The iron imp closely misses you. x2; The iron imp misses you.
The rust devil hits you. The iron imp hits you.
Unknown command.
You hit the rust devil but do no damage.
The rust devil is almost dead.
The iron imp barely misses you. The rust devil hits you.
The rust devil corrodes you! The iron imp hits you! The iron imp hits you.
The iron imp closely misses you.
Unknown command.
You barely miss the rust devil.
The rust devil is almost dead.
The rust devil closely misses you. The iron imp hits you!
The iron imp hits you. x2; The iron imp barely misses you.
The rust devil hits you!
* * * LOW HITPOINT WARNING * * *
Unknown command.
You hit the rust devil but do no damage.
The rust devil is almost dead.
The iron imp hits you.
* * * LOW HITPOINT WARNING * * *
The iron imp hits you!
* * * LOW HITPOINT WARNING * * *
The iron imp hits you!
* * * LOW HITPOINT WARNING * * *
The rust devil hits you!
You die...

#xx...#...#...#.........#..###
#x.##..#..#...#.........#..#8#
#..#..##..#####..#...#..#..###
#?.##..#..#...#.........#..#
#©.#.©##..#©.©#©...©....#§.###
#..##..#..#...#.....P...#..#8#
#[.#..##..#####..#...#..#..###
#..##..#.x#...#545......#..#
#.....#..x#.8.#5@5......#..###
###########...###########..#8#
...........................###
..........................§#
############################
#8# #8# #8# #8# #8# #8# #8#
### ### ### ### ### ### ###


You could see a rust devil, 2 small abominations and 4 iron imps.

Vanquished Creatures
  A cane toad (Lair:1)
  A komodo dragon (D:9)
  A kobold demonologist (D:8)
  2 trolls
  A ynoxinul (Gauntlet)
  3 wraiths
  2 steam dragons (D:8)
  An acid dragon (D:6)
  2 water moccasins
  2 orc warriors (D:9)
  2 necrophages
  A boggart (D:5)
  An ogre (D:6)
  A tengu (D:7)
  2 centaurs
  14 kobold brigands
  Blork the orc (D:5)
  2 wyvern zombies
  A gnoll sergeant (D:5)
  3 bullfrogs
  A water moccasin skeleton (D:6)
  4 killer bees (D:5)
  5 wights
  A centaur zombie (D:9)
  A bullfrog zombie (D:5)
  A jelly (D:5)
  An orc priest (D:4)
  3 centaur skeletons
  A bullfrog skeleton (D:6)
  An iguana (D:5)
  A scorpion zombie (D:5)
  12 orc wizards
  2 killer bee zombies
  3 mummies (Ossuary)
  Robin (D:2)
  5 gnolls
  A howler monkey skeleton (D:7)
  10 adders
  An ufetubus (D:5)
  5 adder skeletons
  3 worms
  A dart slug (D:1)
  28 orcs
  7 bats
  9 endoplasms
  5 giant cockroaches
  14 goblins
  10 hobgoblins
  4 jackals (D:3)
  25 kobolds
  6 quokkas
  7 ball pythons
  2 frilled lizards (D:2)
  2 goblin zombies (Ossuary)
  2 hobgoblin zombies (Ossuary)
  A kobold zombie (Ossuary)
  7 rats
237 creatures vanquished.

Vanquished Creatures (others)
  An endoplasm (D:3)
  22 demonic plants (Gauntlet)
  62 plants
85 creatures vanquished.

Grand Total: 322 creatures vanquished

Notes
Turn   | Place    | Note
-------+----------+-------------------------------------------
     0 | D:1      | browni3141 the Demigod Fighter began the quest for the Orb.
     0 | D:1      | Reached XP level 1. HP: 18/18 MP: 3/3
   351 | D:1      | Reached XP level 2. HP: 26/26 MP: 4/4
  1150 | D:2      | Reached XP level 3. HP: 30/31 MP: 5/5
  1925 | D:3      | Noticed Robin
  2292 | D:2      | Reached XP level 4. HP: 20/40 MP: 6/6
  2483 | D:2      | Killed Robin
  3259 | D:4      | Found a sand-covered staircase.
  3280 | Ossuary  | Entered an ossuary
  3280 | Ossuary  | Noticed a wraith
  3280 | Ossuary  | Noticed a wraith
  3280 | Ossuary  | Noticed a wraith
  3311 | Ossuary  | Noticed a wraith
  3324 | Ossuary  | Killed a wraith
  3325 | Ossuary  | Reached XP level 5. HP: 5/47 MP: 7/7
  3850 | Ossuary  | Reached XP level 6. HP: 42/55 MP: 8/8
  4271 | D:4      | Reached skill level 5 in Fighting
  4273 | D:4      | Reached skill level 5 in Armour
  5448 | D:5      | Entered Level 5 of the Dungeon
  5473 | D:5      | Noticed Blork the orc
  5479 | D:5      | Noticed Edmund
  5482 | D:5      | Killed Blork the orc
  5483 | D:5      | Reached XP level 7. HP: 40/62 MP: 9/9
  8122 | D:6      | Reached XP level 8. HP: 57/71 MP: 7/10
  8797 | D:5      | Noticed Edmund
  8797 | D:5      | Edmund changed into Edmund the boggart
  8815 | D:5      | Killed Edmund the boggart
  9035 | D:5      | HP: 2/74 [killer bee (5)]
  9045 | D:5      | HP: 1/74 [killer bee (5)]
 10255 | D:6      | Found a staircase to the Ecumenical Temple.
 10737 | D:7      | Found Houl Pown's Antique Weapon Shop.
 10746 | D:7      | Noticed Joseph
 10748 | D:7      | Noticed Joseph
 10748 | D:7      | Joseph changed into Joseph the tengu
 10756 | D:7      | Killed Joseph the tengu
 10827 | D:7      | Reached XP level 9. HP: 82/82 MP: 11/11
 11827 | D:8      | Noticed a kobold demonologist
 11837 | D:8      | Killed a kobold demonologist
 12367 | D:8      | Reached skill level 10 in Fighting
 12367 | D:8      | Reached skill level 10 in Armour
 12508 | D:9      | Reached XP level 10. HP: 91/93 MP: 13/13
 13132 | D:9      | Found a staircase to the Lair.
 13164 | D:10     | Entered Level 10 of the Dungeon
 13644 | Lair:1   | Entered Level 1 of the Lair of Beasts
 13838 | Lair:1   | Found a gate leading to a gauntlet.
 13847 | Gauntlet | Entered a Gauntlet
 13847 | Gauntlet | Found a transporter.
 13847 | Gauntlet | Found a transporter.
 13848 | Gauntlet | Found a transporter.
 13851 | Gauntlet | Found a transporter.
 13851 | Gauntlet | Found a transporter.
 13851 | Gauntlet | Noticed a rust devil
 13853 | Gauntlet | Noticed a necromancer
 13863 | Gauntlet | Found a transporter.
 13865 | Gauntlet | Found a transporter.
 13867 | Gauntlet | Found a large runed translucent door.
 13868 | Gauntlet | Found a large runed translucent door.
 13869 | Gauntlet | Found a large runed translucent door.
 13869 | Gauntlet | Found a large runed translucent door.
 13869 | Gauntlet | Found a runed translucent door.
 13870 | Gauntlet | Found a large runed translucent door.
 13871 | Gauntlet | Found a large runed translucent door.
 13872 | Gauntlet | Found a large runed translucent door.
 13872 | Gauntlet | Found a large runed translucent door.
 13873 | Gauntlet | Found a runed translucent gate.
 13875 | Gauntlet | Found a transporter.
 13875 | Gauntlet | Noticed a catoblepas
 13969 | Gauntlet | Found a transporter.
 13979 | Gauntlet | Found a transporter.
 13981 | Gauntlet | Found a transporter.
 13983 | Gauntlet | Found a large runed translucent door.
 13984 | Gauntlet | Found a large runed translucent door.
 13985 | Gauntlet | Found a large runed translucent door.
 13985 | Gauntlet | Found a large runed translucent door.
 13985 | Gauntlet | Found a runed translucent door.
 13986 | Gauntlet | Found a large runed translucent door.
 13987 | Gauntlet | Found a large runed translucent door.
 13988 | Gauntlet | Found a large runed translucent door.
 13988 | Gauntlet | Found a large runed translucent door.
 13989 | Gauntlet | Found a runed translucent gate.
 13989 | Gauntlet | Found a runed translucent gate.
 13990 | Gauntlet | Noticed an obsidian statue
 13991 | Gauntlet | Found a transporter.
 14101 | Gauntlet | Slain by a rust devil

Illustrated notes

Levels and vault maps discovered:
D:1:      minmay_arrival_diagonal_passages, layout_loops_ring,
          chequers_serial_rivers_room_b
D:2:      layout_basic
D:3:      layout_rooms, fiery_altar_vehumet, minmay_quadrilaterals, uniq_robin
D:4:      layout_cave_pools, mainiacjoe_overflow_alcove_1,
          nicolae_ossuary_entry_monument, eino_curves_02
D:5:      layout_gridville, grunt_decor_one_mirror, hangedman_decor_opposing,
          uniq_blork_the_orc, uniq_edmund
D:6:      layout_gridville, mainiacjoe_overflow_catch_the_wave, temple_statues,
          minmay_ruined_shrine
D:7:      layout_cave_pools, mainiacjoe_overflow_surrounded_room, serial_shops,
          shop, uniq_joseph
D:8:      layout_gridville, special_room [special_room_kobold]
D:9:      layout_cross, tso_oasis_becter, nicolae_overflow_hidden_temple,
          david_lair_shrubbed, serial_column_ruins, column_ruins_open_medium,
          column_ruins_grid_1, column_ruins_open_tiny, column_ruins_open_medium,
          column_ruins_columns_water, column_ruins_open_tiny
D:10:     layout_roguey, mainiacjoe_overflow_small_starburst,
          mainiacjoe_overflow_chevrons, uniq_erolcha
Lair:1:   layout_loops_ring, gauntlet_entry_generic,
          hangedman_lair_generics_rect, grunt_megastairs_2
Gauntlet: gammafunk_gauntlet_hard_choice [gammafunk_gauntlet_arena_hedges,
          gammafunk_gauntlet_arena_split_x, gammafunk_gauntlet_arena_teeth,
          nicolae_gauntlet_arena_blocks, gammafunk_gauntlet_arena_open,
          minmay_gauntlet_arena_make_your_own_arena,
          dreamdust_gauntlet_exit_labyrinth]

Skill      XL: |  1  2  3  4  5  6  7  8  9 |
---------------+----------------------------+-----
Fighting       | 3 4 5 6 8 10 | 10.7
Armour         | 3 4 5 6 8 10 | 10.7
Long Blades    | |  1.7
Shields        | |  2.6

Action                   |  1- 3 |  4- 6 |  7- 9 | 10-12 || total
-------------------------+-------+-------+-------+-------++-------
Melee: Long sword        |   167 |   231 |   191 |       ||   589
       Morningstar       |       |       |    68 |       ||    68
       Dire flail        |       |       |   203 |    93 ||   296
       Unarmed           |       |       |     6 |       ||     6
Throw: Dart              |       |       |     1 |       ||     1
       Stone             |       |       |     1 |       ||     1
Evoke: Wand              |       |       |    10 |       ||    10
  Use: Potion            |     1 |       |     9 |       ||    10
       Scroll            |       |       |    19 |     1 ||    20
Armor: Scale mail        |    25 |       |   246 |    90 ||   361
       Chain mail        |   107 |   157 |   214 |       ||   478
       Skin              |       |       |     3 |       ||     3
Dodge: Dodged            |    89 |   112 |   365 |    93 ||   659
Block: Buckler           |    56 |    49 |   126 |       ||   231

Table legend: (Time is in decaauts)
 A = Elapsed time spent in this place.
 B = Non-inter-level travel time spent in this place.
 C = Inter-level travel time spent in this place.
 D = Time resting spent in this place.
 E = Time spent auto-exploring this place.
 F = Levels seen in this place.
 G = Mean time per level.
                   A        B        C        D        E       F      G
               +--------+--------+--------+--------+--------+-----+--------+
         Total |  14490 |  14007 |    483 |   3408 |   7230 |  13 | 1114.6 |
       Dungeon |  13058 |  12575 |    483 |   3211 |   6365 |  10 | 1305.8 |
          Lair |    205 |    205 |      0 |      0 |    165 |   1 |  205.0 |
       Ossuary |    969 |    969 |      0 |    197 |    589 |   1 |  969.0 |
      Gauntlet |    257 |    257 |      0 |      0 |    111 |   1 |  257.0 |
               +--------+--------+--------+--------+--------+-----+--------+

Top non-repeatable levels by time:
     D:5: 3657 daAuts
     D:4: 1716 daAuts
     D:2: 1454 daAuts
     D:9: 1137 daAuts
     D:8: 1119 daAuts
     D:1: 1097 daAuts
     D:6: 1060 daAuts
     D:3: 1026 daAuts
 Ossuary: 969 daAuts
     D:7: 634 daAuts
Gauntlet: 257 daAuts
  Lair:1: 205 daAuts
    D:10: 155 daAuts
